[Event "ICC tourney 2201 (30 10)"]
[Site "Internet Chess Club"]
[Date "2020.12.13"]
[Round "1"]
[White "AdityaBang"]
[Black "eggonlea"]
[Result "1-0"]
[ICCResult "Black resigns"]
[WhiteElo "1408"]
[BlackElo "1826"]
[Opening "Sicilian: Pelikan (Lasker/Sveshnikov) variation"]
[ECO "B33"]
[NIC "SI.35"]
[Time "11:04:49"]
[PlyCount "41"]
[TimeControl "1800+10"]


1. e4 c5 2. Nf3 Nc6 3. d4 cxd4 4. Nxd4 Nf6 5. Nc3 e5 6. Nf3 Bb4 7. Bd3 d5
8. exd5 Nxd5 9. O-O Nxc3 10. bxc3 Bxc3 11. Rb1 h6 12. Rb3 Bd4 13. Ba3 b6
14. Re1 Be6 15. Bb5 Qc7 16. Nxd4 O-O-O 17. Nxc6 Rxd1 18. Rxd1 Bxb3 19. Ba6+
Qb7 20. Bxb7+ Kxb7 21. Nd8+ { Black resigns } 1-0

[Event "ICC tourney 2201 (30 10)"]
[Site "Internet Chess Club"]
[Date "2020.12.13"]
[Round "1"]
[White "Mannansh"]
[Black "Shakhmatova"]
[Result "0-1"]
[ICCResult "White checkmated"]
[WhiteElo "1257"]
[BlackElo "1792"]
[Opening "QP counter-gambit (elephant gambit)"]
[ECO "C40"]
[NIC "KP.10"]
[Time "11:04:55"]
[PlyCount "54"]
[TimeControl "1800+10"]


1. e4 e5 2. Nf3 d5 3. exd5 e4 4. Qe2 Nf6 5. Nc3 Be7 6. Nxe4 O-O 7. g3 Re8
8. Bg2 Nxe4 9. O-O Nf6 10. c4 c6 11. Ne5 cxd5 12. cxd5 Nxd5 13. Qc4 Be6 14.
d4 Ne3 15. Qc3 Nxg2 16. Kxg2 f6 17. Nf3 Nc6 18. Re1 Bb4 19. Qe3 Bxe1 20.
Qd3 Bb4 21. Bd2 Bxd2 22. Nxd2 Nxd4 23. Rd1 Bd5+ 24. Kg1 Ne2+ 25. Kf1 Bg2+
26. Ke1 Qxd3 27. Nb3 Nc1# { White checkmated } 0-1

[Event "ICC tourney 2201 (30 10)"]
[Site "Internet Chess Club"]
[Date "2020.12.13"]
[Round "1"]
[White "MBashur"]
[Black "weakfish"]
[Result "0-1"]
[ICCResult "White resigns"]
[WhiteElo "1011"]
[BlackElo "1587"]
[Opening "Queen's pawn, Mason variation"]
[ECO "D00"]
[NIC "QP.08"]
[Time "11:05:02"]
[PlyCount "84"]
[TimeControl "1800+10"]


1. d4 d5 2. Bf4 c6 3. e3 Nf6 4. Nf3 Bg4 5. Bd3 e6 6. O-O Be7 7. Nbd2 Nbd7
8. c4 dxc4 9. Nxc4 O-O 10. Ncd2 Nd5 11. Bg3 Rc8 12. Rc1 Qa5 13. a3 Qb6 14.
Qc2 g6 15. h3 Bxf3 16. Nxf3 c5 17. e4 N5f6 18. dxc5 Bxc5 19. Be5 Nxe5 20.
Nxe5 Bd6 21. Nc4 Qd4 22. Rfe1 Bf4 23. Qc3 Qxc3 24. Rxc3 Rfd8 25. Rd1 Nxe4
26. Rc2 b5 27. Ne3 Rxc2 28. Bxc2 Rxd1+ 29. Bxd1 Bxe3 30. fxe3 Nd2 31. Be2
Nc4 32. Bxc4 bxc4 33. Kf2 Kg7 34. Ke2 Kf6 35. Kd2 Ke5 36. Kc3 Kd5 37. a4 e5
38. g4 f5 39. gxf5 gxf5 40. h4 h5 41. Kd2 Ke4 42. Ke2 a5 { White resigns }
0-1

[Event "ICC tourney 2201 (30 10)"]
[Site "Internet Chess Club"]
[Date "2020.12.13"]
[Round "1"]
[White "chesslin"]
[Black "RatislavK"]
[Result "1-0"]
[ICCResult "Black checkmated"]
[WhiteElo "1804"]
[BlackElo "1311"]
[Opening "Queen's pawn: London system"]
[ECO "A45"]
[NIC "QP.07"]
[Time "11:04:47"]
[PlyCount "43"]
[TimeControl "1800+10"]


1. d4 Nf6 2. Bf4 e6 3. e3 d5 4. Nd2 c5 5. c3 cxd4 6. exd4 Bd6 7. Bg3 O-O 8.
Bd3 Bxg3 9. hxg3 Re8 10. Ngf3 Nbd7 11. Ne5 Qc7 12. f4 g6 13. g4 b6 14. g5
Nxe5 15. fxe5 Ne4 16. Bxe4 dxe4 17. Nxe4 Kg7 18. Rxh7+ Kxh7 19. Nf6+ Kh8
20. Kf2 Bb7 21. Qh1+ Kg7 22. Qh6# { Black checkmated } 1-0

[Event "ICC tourney 2201 (30 10)"]
[Site "Internet Chess Club"]
[Date "2020.12.13"]
[Round "1"]
[White "campbelldobbs"]
[Black "loonyafternoon"]
[Result "1-0"]
[ICCResult "Black resigns"]
[WhiteElo "1719"]
[BlackElo "1156"]
[Opening "French: exchange variation"]
[ECO "C01"]
[NIC "FR.01"]
[Time "11:05:04"]
[PlyCount "57"]
[TimeControl "1800+10"]


1. e4 e6 2. d4 d5 3. exd5 exd5 4. Bd3 Nf6 5. Ne2 Be7 6. O-O Nc6 7. c3 O-O
8. Nd2 Be6 9. Qc2 Qd7 10. Kh1 h6 11. Ng1 Bd6 12. Ndf3 Bg4 13. h3 Bh5 14. g4
Nxg4 15. Bf5 Qe7 16. hxg4 Bg6 17. Bxg6 fxg6 18. Qxg6 Rf6 19. Qh5 Qe4 20.
Re1 Qc2 21. Re2 Qd3 22. Re8+ Rxe8 23. Qxe8+ Kh7 24. Be3 Ne7 25. g5 Rg6 26.
gxh6 Qf5 27. Nh4 Qh5 28. Nf3 Rg4 29. Qxh5 { Black resigns } 1-0

[Event "ICC tourney 2201 (30 10)"]
[Site "Internet Chess Club"]
[Date "2020.12.13"]
[Round "1"]
[White "blackjack721"]
[Black "keb2020"]
[Result "0-1"]
[ICCResult "White checkmated"]
[WhiteElo "1492"]
[BlackElo "1883"]
[Opening "Pirc defense"]
[ECO "B07"]
[NIC "PU.07"]
[Time "11:04:52"]
[PlyCount "84"]
[TimeControl "1800+10"]


1. d4 Nf6 2. Nc3 g6 3. e4 d6 4. Be2 Bg7 5. Be3 c6 6. Bf3 Nbd7 7. Nge2 e5 8.
h3 a6 9. g4 h5 10. Ng3 hxg4 11. hxg4 Rxh1+ 12. Nxh1 Qb6 13. Na4 Qa5+ 14. c3
b5 15. b4 Qxa4 16. Qd2 Bb7 17. a3 Qb3 18. g5 Ng8 19. Bd1 Qe6 20. Rb1 exd4
21. cxd4 Qxe4 22. Bc2 Qxh1+ 23. Ke2 Qh5+ 24. Ke1 O-O-O 25. Rc1 Qf3 26. Bd1
Qd5 27. Be2 Nb6 28. Qd1 Qh1+ 29. Bf1 Qd5 30. Qg4+ Qe6 31. Qg3 Ne7 32. Bh3
Nf5 33. Qf4 Kb8 34. Bxf5 Qxf5 35. Qg3 Nc4 36. Bf4 Qe4+ 37. Kf1 Qh1+ 38. Ke2
Re8+ 39. Kd3 Qe4+ 40. Kc3 Qxd4+ 41. Kc2 Qb2+ 42. Kd1 Qe2# { White
checkmated } 0-1

[Event "ICC tourney 2201 (30 10)"]
[Site "Internet Chess Club"]
[Date "2020.12.13"]
[Round "1"]
[White "auggie29"]
[Black "mmoss2932"]
[Result "0-1"]
[ICCResult "White checkmated"]
[WhiteElo "1095"]
[BlackElo "1669"]
[Opening "French defense"]
[ECO "C00"]
[NIC "FR.01"]
[Time "11:05:01"]
[PlyCount "128"]
[TimeControl "1800+10"]


1. e4 e6 2. Nf3 d5 3. exd5 exd5 4. d4 Bd6 5. Bb5+ c6 6. Bd3 Ne7 7. c4 O-O
8. O-O Bf5 9. Bxf5 Nxf5 10. cxd5 cxd5 11. Nc3 Bb4 12. Qb3 Bxc3 13. bxc3 b6
14. Qc2 Nd6 15. Ba3 Re8 16. Rfe1 Ne4 17. Nd2 Nxd2 18. Qxd2 Nc6 19. Rxe8+
Qxe8 20. Bd6 Qd7 21. Bg3 Re8 22. Re1 f6 23. h3 Re6 24. Rxe6 Qxe6 25. Qd3
Qe1+ 26. Kh2 g6 27. Qb5 Qe6 28. c4 Nxd4 29. Qxd5 Qxd5 30. cxd5 Kf7 31. a4
a6 32. Kg1 Ne2+ 33. Kf1 Nxg3+ 34. fxg3 Ke7 35. Ke2 Kd6 36. Kd3 Kxd5 37. g4
b5 38. axb5 axb5 39. g3 Ke5 40. h4 b4 41. Kc4 Ke4 42. Kxb4 Kf3 43. Kc4 Kxg3
44. g5 fxg5 45. hxg5 Kg4 46. Kd3 Kxg5 47. Ke2 Kf4 48. Kf2 h5 49. Kg2 Kg4
50. Kh2 g5 51. Kg2 h4 52. Kh2 Kh5 53. Kg2 g4 54. Kh2 Kg5 55. Kg2 Kf4 56.
Kf2 h3 57. Kg1 g3 58. Kf1 Kf3 59. Kg1 h2+ 60. Kh1 g2+ 61. Kxh2 Kf2 62. Kh3
g1=Q 63. Kh4 Qg6 64. Kh3 Qg3# { White checkmated } 0-1

[Event "ICC tourney 2201 (30 10)"]
[Site "Internet Chess Club"]
[Date "2020.12.13"]
[Round "1"]
[White "Abror"]
[Black "wawama"]
[Result "1-0"]
[ICCResult "Black checkmated"]
[WhiteElo "1635"]
[BlackElo "1094"]
[Opening "Sicilian defense"]
[ECO "B44"]
[NIC "SI.39"]
[Time "11:04:58"]
[PlyCount "43"]
[TimeControl "1800+10"]


1. e4 c5 2. Nf3 Nc6 3. d4 cxd4 4. Nxd4 e6 5. a3 Bc5 6. Be3 Qb6 7. Nb5 Bxe3
8. fxe3 Qxe3+ 9. Be2 Qb6 10. Qd6 Nge7 11. Nd2 Rb8 12. a4 a6 13. Nc4 Qd8 14.
Nc7+ Kf8 15. O-O f6 16. Ne5 Kg8 17. Nd3 h6 18. e5 Nf5 19. Rxf5 exf5 20. Nf4
fxe5 21. Ng6 Rh7 22. Bc4# { Black checkmated } 1-0

[Event "ICC tourney 2201 (30 10)"]
[Site "Internet Chess Club"]
[Date "2020.12.13"]
[Round "1"]
[White "cartosky"]
[Black "iamvoltu"]
[Result "0-1"]
[ICCResult "White checkmated"]
[WhiteElo "1079"]
[BlackElo "1600"]
[Opening "English: ultra-symmetrical variation"]
[ECO "A36"]
[NIC "EO.29"]
[Time "11:05:39"]
[PlyCount "38"]
[TimeControl "1800+10"]


1. c4 c5 2. Nc3 Nc6 3. g3 g6 4. Bg2 Bg7 5. e3 e6 6. Nge2 Nge7 7. d4 cxd4 8.
exd4 d5 9. cxd5 Nxd5 10. Nxd5 exd5 11. Be3 O-O 12. Nf4 Bd7 13. Bxd5 g5 14.
Ne2 Bh3 15. Bf3 Qa5+ 16. Bd2 Qf5 17. Ng1 Nxd4 18. g4 Nc2+ 19. Ke2 Qb5# {
White checkmated } 0-1

[Event "ICC tourney 2201 (30 10)"]
[Site "Internet Chess Club"]
[Date "2020.12.13"]
[Round "1"]
[White "baldwinsthename"]
[Black "AlanZ"]
[Result "0-1"]
[ICCResult "White checkmated"]
[WhiteElo "1215"]
[BlackElo "1744"]
[Opening "Queen's pawn game"]
[ECO "A45"]
[NIC "QP.07"]
[Time "11:05:04"]
[PlyCount "90"]
[TimeControl "1800+10"]


1. d4 Nf6 2. Nc3 e6 3. Bg5 Bb4 4. e4 h6 5. Bxf6 Qxf6 6. Ne2 O-O 7. Qd3 Nc6
8. a3 Ba5 9. f4 d6 10. g4 e5 11. d5 Nd4 12. b4 Bb6 13. f5 Qh4+ 14. Kd1 Qxg4
15. Rg1 Qh4 16. Nxd4 Bxd4 17. Rg2 Bxc3 18. Qxc3 Qxe4 19. Rd2 Bxf5 20. Kc1
Rac8 21. Bd3 Qf4 22. Kb2 Bxd3 23. Qxd3 e4 24. Rf1 exd3 25. Rxf4 dxc2 26.
Rxc2 Rfe8 27. Kb3 Re3+ 28. Ka4 a6 29. b5 axb5+ 30. Kxb5 Rxa3 31. Rcf2 f6
32. Rg2 c6+ 33. dxc6 bxc6+ 34. Kb6 Rb3+ 35. Ka7 c5 36. Rxf6 c4 37. Rxd6 c3
38. Rd7 g5 39. h4 Rc5 40. Rd8+ Kf7 41. Ka6 c2 42. hxg5 hxg5 43. Rh2 c1=Q
44. Rh7+ Kg6 45. Rh1 Qa3# { White checkmated } 0-1

[Event "ICC tourney 2201 (30 10)"]
[Site "Internet Chess Club"]
[Date "2020.12.13"]
[Round "1"]
[White "kdbel"]
[Black "wildrumpus"]
[Result "1-0"]
[ICCResult "Black resigns"]
[WhiteElo "1892"]
[BlackElo "1535"]
[Opening "Caro-Kann defense"]
[ECO "B15"]
[NIC "CK.05"]
[Time "11:05:00"]
[PlyCount "63"]
[TimeControl "1800+10"]


1. e4 c6 2. d4 d5 3. Nc3 dxe4 4. Nxe4 Nf6 5. Ng3 Bg4 6. Be2 Bxe2 7. N1xe2
g6 8. O-O Bg7 9. c4 h5 10. h4 Ng4 11. f3 Nh6 12. Be3 e6 13. Bg5 Bf6 14. Ne4
Bxg5 15. hxg5 Ng8 16. Nf4 Qc7 17. Qd2 Nd7 18. d5 O-O-O 19. dxc6 Qxc6 20.
Nd6+ Kb8 21. Nxf7 Ne7 22. Nxh8 Qb6+ 23. Qf2 Rxh8 24. Qxb6 Nxb6 25. b3 e5
26. Nd3 Nd7 27. Rfe1 Nc6 28. Rad1 Re8 29. Nf4 Nf8 30. Rd6 Kc7 31. Rf6 Ne7
32. Rxf8 { Black resigns } 1-0

[Event "ICC tourney 2201 (30 10)"]
[Site "Internet Chess Club"]
[Date "2020.12.13"]
[Round "1"]
[White "kaleblancman"]
[Black "niftyfountain"]
[Result "1-0"]
[ICCResult "Black resigns"]
[WhiteElo "1819"]
[BlackElo "1368"]
[Opening "Queen's pawn, Mason variation"]
[ECO "D00"]
[NIC "QP.08"]
[Time "11:04:47"]
[PlyCount "104"]
[TimeControl "1800+10"]


1. d4 d5 2. Bf4 Nf6 3. e3 Bf5 4. c4 e6 5. Nc3 c6 6. Qb3 Qd7 7. Nf3 Be7 8.
Ne5 Qc8 9. Bd3 Bxd3 10. Nxd3 Nbd7 11. O-O O-O 12. Rac1 Nb6 13. cxd5 Nbxd5
14. Nxd5 exd5 15. Rc2 h6 16. Rfc1 Qd7 17. a4 Bd8 18. Nc5 Qe7 19. Nxb7 Bc7
20. Bxc7 Qxc7 21. Rxc6 Qe7 22. Rc7 Qe6 23. Qc2 Rab8 24. Qc6 Qf5 25. Nd6 Qg4
26. Qc3 Qe6 27. Rc6 Qd7 28. Nb5 Ne4 29. Qc2 a6 30. Rxa6 Rbc8 31. Rc6 Ra8
32. b3 Rfe8 33. h3 Rab8 34. Rc7 Qe6 35. Nc3 Nf6 36. Rc5 Qd6 37. Ne2 Ne4 38.
Rc6 Qd7 39. Nf4 Rbd8 40. b4 Rb8 41. b5 Ra8 42. b6 Red8 43. Qa2 Nf6 44. a5
Qb7 45. Qa4 Qa6 46. R1c5 g5 47. Qb5 Qxb5 48. Rxb5 Kg7 49. Nd3 Rdb8 50. b7
Ra7 51. a6 Raxb7 52. axb7 Rxb7 { Black resigns } 1-0

[Event "ICC tourney 2201 (30 10)"]
[Site "Internet Chess Club"]
[Date "2020.12.13"]
[Round "1"]
[White "MikeWMason"]
[Black "e4h5"]
[Result "1-0"]
[ICCResult "Black resigns"]
[WhiteElo "1761"]
[BlackElo "1239"]
[Opening "Sicilian: Smith-Morra gambit"]
[ECO "B21"]
[NIC "SI.48"]
[Time "11:04:48"]
[PlyCount "115"]
[TimeControl "1800+10"]


1. e4 c5 2. d4 cxd4 3. c3 d3 4. Bxd3 d6 5. Nf3 Nc6 6. Bc4 Bg4 7. Bxf7+ Kxf7
8. Ng5+ Ke8 9. Qxg4 Nf6 10. Qe2 Qd7 11. O-O g6 12. Nf3 Bg7 13. c4 Rf8 14.
Rd1 Qc7 15. Nc3 a6 16. Be3 Rc8 17. Rac1 Nd7 18. Ng5 Qb8 19. Ne6 Rf7 20.
Nxg7+ Rxg7 21. Nd5 Nde5 22. Bh6 Rf7 23. Nb6 Rc7 24. f4 Nd7 25. Nxd7 Rxd7
26. e5 dxe5 27. Rxd7 Kxd7 28. Rd1+ Ke8 29. fxe5 Qxe5 30. Qxe5 Nxe5 31. b3
Nc6 32. Be3 e5 33. Rf1 Rd7 34. Kf2 Nd4 35. Bxd4 Rxd4 36. Ke2 Ke7 37. Rd1
Rxd1 38. Kxd1 Kd6 39. Ke2 Kc5 40. a3 Kd4 41. Kd2 e4 42. Kc2 e3 43. c5 e2
44. Kd2 e1=Q+ 45. Kxe1 Kc3 46. b4 Kb3 47. Kd2 Kxa3 48. Kc3 Ka4 49. Kc4 g5
50. g4 h6 51. h3 Ka3 52. b5 axb5+ 53. Kxb5 Kb3 54. c6 bxc6+ 55. Kxc6 Kc4
56. Kd6 Kd4 57. Ke6 Ke4 58. Kf6 { Black resigns } 1-0

[Event "ICC tourney 2201 (30 10)"]
[Site "Internet Chess Club"]
[Date "2020.12.13"]
[Round "1"]
[White "AbleCompany"]
[Black "wawaba"]
[Result "1-0"]
[ICCResult "Black resigns"]
[WhiteElo "1568"]
[BlackElo "863"]
[Opening "QGD Slav: 3.Nf3"]
[ECO "D11"]
[NIC "SL.01"]
[Time "11:04:49"]
[PlyCount "71"]
[TimeControl "1800+10"]


1. d4 d5 2. c4 c6 3. Nf3 Bf5 4. Nc3 Nf6 5. cxd5 cxd5 6. Qb3 e6 7. Qxb7 Nbd7
8. e4 Nxe4 9. Bb5 Nf6 10. Bg5 Be7 11. Bxf6 Bxf6 12. Bxd7+ Kf8 13. O-O Rb8
14. Qc6 Rxb2 15. Nxd5 exd5 16. Bxf5 Rb6 17. Qa4 a5 18. Rac1 Rb4 19. Qa3 Qd6
20. Rc8+ Bd8 21. Qxa5 Rb6 22. Re1 g6 23. Bh3 Kg7 24. Qa4 Qf8 25. Qa8 Rd6
26. Qb7 Kg8 27. Bd7 Kg7 28. Re8 Qxe8 29. Bxe8 Rxe8 30. h3 Re7 31. Qa8 Red7
32. Ne5 Re7 33. Rxd8 Rb6 34. Rg8+ Kf6 35. Qd8 Rd6 36. Qxd6+ { Black resigns
} 1-0

[Event "ICC tourney 2201 (30 10)"]
[Site "Internet Chess Club"]
[Date "2020.12.13"]
[Round "1"]
[White "solveur"]
[Black "SultanofBling"]
[Result "1-0"]
[ICCResult "Black resigns"]
[WhiteElo "1319"]
[BlackElo "1809"]
[Opening "QGD Slav: Czech defense"]
[ECO "D17"]
[NIC "SL.04"]
[Time "11:04:52"]
[PlyCount "101"]
[TimeControl "1800+10"]


1. d4 d5 2. c4 c6 3. Nc3 Nf6 4. Nf3 dxc4 5. a4 Bf5 6. Bg5 Ne4 7. e3 Qa5 8.
Qc1 e6 9. Bxc4 Bb4 10. O-O Nxc3 11. bxc3 Bxc3 12. Ra3 Bb4 13. Rb3 Qb6 14.
Qb2 a5 15. Bf4 Qd8 16. d5 O-O 17. dxe6 Bxe6 18. Bxe6 fxe6 19. Bg5 Qd5 20.
Bf4 Na6 21. Qc2 Nc5 22. Rbb1 Qe4 23. Qa2 Rad8 24. Bc7 Rd5 25. Nd4 Rf6 26.
Rfd1 Nd3 27. Nf3 h6 28. h3 b5 29. axb5 cxb5 30. Bxa5 Bd6 31. Qe2 b4 32. Bb6
Nf4 33. Qf1 Nxh3+ 34. Kh1 Rxf3 35. Rxd5 Rxf2 36. Rxd6 Rxf1+ 37. Rxf1 Ng5
38. Rd4 Qc2 39. Rxb4 Qe2 40. Rbf4 Qd3 41. Bd4 Qb5 42. Rf8+ Kh7 43. Kg1 Qe2
44. R8f2 Qg4 45. Rf8 Nh3+ 46. Kh2 Ng5 47. Ra8 Qh5+ 48. Kg1 Ne4 49. Ra7 Ng3
50. Rxg7+ Kh8 51. Rxg3+ { Black resigns } 1-0

[Event "ICC tourney 2201 (30 10)"]
[Site "Internet Chess Club"]
[Date "2020.12.13"]
[Round "1"]
[White "ybabji"]
[Black "crazyhorse9"]
[Result "1-0"]
[ICCResult "Black resigns"]
[WhiteElo "1854"]
[BlackElo "1462"]
[Opening "Giuoco Piano"]
[ECO "C54"]
[NIC "IG.02"]
[Time "11:04:47"]
[PlyCount "97"]
[TimeControl "1800+10"]


1. e4 e5 2. Nf3 Nc6 3. Bc4 Bc5 4. c3 Nf6 5. d3 a6 6. Bb3 d6 7. h3 h6 8.
Nbd2 O-O 9. Qe2 Be6 10. Bc2 Re8 11. Nf1 Qd7 12. g4 Nh7 13. Ng3 d5 14. Nf5
Bxf5 15. gxf5 Kh8 16. Rg1 Nf6 17. Nh2 Rad8 18. Ng4 Be7 19. Nxf6 Bxf6 20.
Qh5 Kh7 21. h4 dxe4 22. dxe4 Rg8 23. Be3 Qe7 24. Bg5 Na5 25. b4 Nc6 26. Bb3
Rd7 27. Qg4 Rgd8 28. Be3 b6 29. a3 Rd3 30. Rc1 R3d6 31. Ba4 a5 32. Bb3 axb4
33. axb4 Ra8 34. Qh5 Rd7 35. Bd5 Nxb4 36. cxb4 Ra3 37. Bd2 Bxh4 38. Qg4 Bf6
39. Rb1 Bg5 40. Bxg5 Qxg5 41. Qxg5 hxg5 42. Rxg5 Kh6 43. Rg2 Rh3 44. Ke2
Kh7 45. Rbg1 Kg8 46. Rxg7+ Kf8 47. f6 Rh8 48. Ra1 Ke8 49. Bc6 { Black
resigns } 1-0

[Event "ICC tourney 2201 (30 10)"]
[Site "Internet Chess Club"]
[Date "2020.12.13"]
[Round "1"]
[White "Artem13"]
[Black "tgeis13"]
[Result "1/2-1/2"]
[ICCResult "Game drawn by mutual agreement"]
[WhiteElo "1597"]
[BlackElo "1044"]
[Opening "Scandinavian (center counter) defense"]
[ECO "B01"]
[NIC "SD.02"]
[Time "11:04:48"]
[PlyCount "144"]
[TimeControl "1800+10"]


1. e4 d5 2. exd5 Qxd5 3. Nc3 Qd8 4. d4 Nf6 5. Nf3 Bg4 6. Bc4 e6 7. O-O c6
8. h3 Bxf3 9. Qxf3 Bd6 10. Bg5 Nbd7 11. Rfe1 O-O 12. Ne4 Be7 13. Rad1 Nxe4
14. Bxe7 Qxe7 15. Rxe4 Nb6 16. Bd3 Rad8 17. c3 g6 18. Qg3 c5 19. Bc2 cxd4
20. Rexd4 Rxd4 21. Rxd4 Qc5 22. h4 Nd5 23. Qe5 Qb6 24. Bb3 Rd8 25. h5 Ne7
26. h6 Nf5 27. Rh4 Qd6 28. Qf6 Qe7 29. Qxe7 Nxe7 30. g4 b5 31. Rh3 Kf8 32.
Kf1 Rd2 33. Rf3 Ke8 34. c4 bxc4 35. Bxc4 Rxb2 36. Bb3 Rd2 37. Ba4+ Kf8 38.
Bb3 Nd5 39. Ke1 Rd4 40. Bxd5 Rxd5 41. Ra3 a5 42. Ke2 g5 43. Ke3 Ke7 44. Rb3
Kf6 45. f4 gxf4+ 46. Kxf4 Kg6 47. Rh3 Rd4+ 48. Ke5 Rxg4 49. Rf3 Rg5+ 50.
Kd6 Rf5 51. Rh3 a4 52. Rh4 a3 53. Rh3 Ra5 54. Rg3+ Kxh6 55. Ke7 Ra7+ 56.
Kf6 Kh5 57. Rh3+ Kg4 58. Rxh7 Rb7 59. Ke5 Rb5+ 60. Kf6 Rf5+ 61. Ke7 Rf2 62.
Rg7+ Kh5 63. Rg3 Rxa2 64. Kxf7 e5 65. Kf6 e4 66. Kf5 Rf2+ 67. Kxe4 a2 68.
Ra3 Kg4 69. Kd4 Kf4 70. Ra4 Kf3 71. Kd3 Rh2 72. Kc3 Re2 { Game drawn by
mutual agreement } 1/2-1/2

[Event "ICC tourney 2201 (30 10)"]
[Site "Internet Chess Club"]
[Date "2020.12.13"]
[Round "2"]
[White "keb2020"]
[Black "campbelldobbs"]
[Result "1-0"]
[ICCResult "Black resigns"]
[WhiteElo "1883"]
[BlackElo "1719"]
[Opening "Van't Kruijs opening"]
[ECO "A00"]
[Time "13:01:56"]
[PlyCount "57"]
[TimeControl "1800+10"]


1. e3 e5 2. b3 Nc6 3. Bb2 d6 4. Nf3 Nf6 5. Bb5 Bd7 6. O-O a6 7. Bc4 b5 8.
Be2 Be7 9. d4 e4 10. Nfd2 d5 11. c4 dxc4 12. bxc4 bxc4 13. Bxc4 Na5 14. Be2
O-O 15. Nc3 Bc6 16. Qc2 Re8 17. Ncxe4 Nxe4 18. Nxe4 Bxe4 19. Qxe4 Bd6 20.
Qf5 Rb8 21. Bc3 g6 22. Qxa5 Qh4 23. h3 Rxe3 24. fxe3 Qg3 25. Rf3 Qh2+ 26.
Kf2 h5 27. Qg5 Re8 28. Bc4 Re4 29. Qxg6+ { Black resigns } 1-0

[Event "ICC tourney 2201 (30 10)"]
[Site "Internet Chess Club"]
[Date "2020.12.13"]
[Round "2"]
[White "eggonlea"]
[Black "baldwinsthename"]
[Result "1-0"]
[ICCResult "Black resigns"]
[WhiteElo "1826"]
[BlackElo "1215"]
[Opening "Petrov's defense"]
[ECO "C42"]
[NIC "RG.03"]
[Time "13:01:58"]
[PlyCount "107"]
[TimeControl "1800+10"]


1. e4 e5 2. Nf3 Nf6 3. Nxe5 Nc6 4. Nxc6 dxc6 5. d3 Bc5 6. Be2 Qd4 7. O-O h5
8. c3 Qd6 9. d4 Bb6 10. e5 Qd5 11. exf6 gxf6 12. Bf3 Qf5 13. Qe2+ Be6 14.
a4 a5 15. Be4 Qg4 16. Qxg4 hxg4 17. Bf4 O-O-O 18. Nd2 f5 19. Bc2 c5 20.
dxc5 Bxc5 21. Nb3 Bb6 22. Rad1 Rdg8 23. Nd4 Rh5 24. Nxe6 fxe6 25. Bb3 Re8
26. Rfe1 Kb8 27. Rxe6 Rxe6 28. Bxe6 Ka7 29. b4 Rh7 30. bxa5 Bxa5 31. Bxf5
Rf7 32. Be3+ b6 33. Bxg4 Bxc3 34. Bf3 Ka6 35. h4 c5 36. h5 Ka5 37. Bc6 Kb4
38. Rb1+ Kc4 39. Rxb6 Rf5 40. h6 Rh5 41. Bb5+ Kd5 42. Be2 Rh4 43. Rb5 Ba1
44. Rxc5+ Ke6 45. a5 Be5 46. g3 Ra4 47. a6 Ra1+ 48. Kg2 Kd6 49. h7 Bh8 50.
Rc8 Bf6 51. h8=Q Bxh8 52. Rxh8 Ra2 53. a7 Rxe2 54. a8=Q { Black resigns }
1-0

[Event "ICC tourney 2201 (30 10)"]
[Site "Internet Chess Club"]
[Date "2020.12.13"]
[Round "2"]
[White "RatislavK"]
[Black "e4h5"]
[Result "1-0"]
[ICCResult "Black checkmated"]
[WhiteElo "1311"]
[BlackElo "1239"]
[Opening "QGD: Semi-Tarrasch defense"]
[ECO "D40"]
[NIC "TD.05"]
[Time "13:01:51"]
[PlyCount "65"]
[TimeControl "1800+10"]


1. d4 d5 2. Nf3 c5 3. c4 e6 4. Nc3 Nf6 5. Bf4 Nc6 6. Nb5 Kd7 7. dxc5 Bxc5
8. Ne5+ Nxe5 9. Bxe5 Bb4+ 10. Nc3 a6 11. Qa4+ b5 12. Qxb4 Qb6 13. cxd5 Nxd5
14. Nxd5 exd5 15. g3 Bb7 16. Bh3+ Ke8 17. Bxg7 Rg8 18. Bd4 Qh6 19. Bg2 Rc8
20. O-O Rc4 21. Qa5 Rxd4 22. Qc7 Qc6 23. Qe5+ Qe6 24. Qxd4 Ke7 25. e4 dxe4
26. Rfe1 f5 27. f3 Kf7 28. fxe4 fxe4 29. Bxe4 Bxe4 30. Rxe4 Qh6 31. Rf1+
Kg6 32. Qf6+ Kh5 33. Rh4# { Black checkmated } 1-0

[Event "ICC tourney 2201 (30 10)"]
[Site "Internet Chess Club"]
[Date "2020.12.13"]
[Round "2"]
[White "weakfish"]
[Black "kaleblancman"]
[Result "1/2-1/2"]
[ICCResult "Game drawn by mutual agreement"]
[WhiteElo "1587"]
[BlackElo "1819"]
[Opening "Caro-Kann: Steinitz variation"]
[ECO "B17"]
[NIC "CK.08"]
[Time "13:01:53"]
[PlyCount "91"]
[TimeControl "1800+10"]


1. e4 c6 2. d4 d5 3. Nc3 dxe4 4. Nxe4 Nd7 5. Nf3 Ngf6 6. Ng3 e6 7. Bc4 Be7
8. O-O O-O 9. Bg5 h6 10. Bxf6 Nxf6 11. c3 c5 12. Qb3 b6 13. Rfe1 Bb7 14.
Ne5 Bd5 15. Bxd5 Qxd5 16. Qxd5 Nxd5 17. dxc5 Bxc5 18. Nd7 Rfc8 19. Nxc5
Rxc5 20. Rad1 Rac8 21. Ne4 R5c7 22. Rd3 Kf8 23. g3 Ke7 24. f4 Rd7 25. f5
Rc6 26. Rd4 Nf6 27. Rxd7+ Kxd7 28. Rd1+ Ke7 29. Nxf6 Kxf6 30. fxe6 Rxe6 31.
Kf2 b5 32. Rd3 Ra6 33. a3 Ke6 34. Ke3 Rd6 35. Rxd6+ Kxd6 36. Kd4 f5 37. b3
g5 38. Ke3 Ke5 39. Kf3 Kd5 40. Ke3 Kc5 41. Kd3 h5 42. Ke3 Kd5 43. Kf3 Ke5
44. Ke3 Kd5 45. Kf3 Ke5 46. Ke3 { Game drawn by mutual agreement } 1/2-1/2

[Event "ICC tourney 2201 (30 10)"]
[Site "Internet Chess Club"]
[Date "2020.12.13"]
[Round "2"]
[White "loonyafternoon"]
[Black "Mannansh"]
[Result "1-0"]
[ICCResult "Black resigns"]
[WhiteElo "1156"]
[BlackElo "1257"]
[Opening "Scandinavian defense"]
[ECO "B01"]
[NIC "SD.03"]
[Time "13:01:50"]
[PlyCount "49"]
[TimeControl "1800+10"]


1. e4 d5 2. exd5 Nf6 3. Nf3 Nxd5 4. c4 Nb6 5. d3 g6 6. Nc3 Bg7 7. Be3 O-O
8. Be2 Bg4 9. Qd2 e5 10. Bh6 Nc6 11. Bxg7 Kxg7 12. h3 Bf5 13. O-O-O Qd7 14.
g4 Be6 15. Qe3 Qd6 16. c5 Qe7 17. cxb6 axb6 18. a3 Bb3 19. Rdg1 Rxa3 20.
bxa3 Qxa3+ 21. Kd2 Qb2+ 22. Ke1 Nb4 23. Qxe5+ f6 24. Qe7+ Rf7 25. Qxb4 {
Black resigns } 1-0

[Event "ICC tourney 2201 (30 10)"]
[Site "Internet Chess Club"]
[Date "2020.12.13"]
[Round "2"]
[White "shreyanshdaga"]
[Black "chesslin"]
[Result "0-1"]
[ICCResult "White checkmated"]
[WhiteElo "347"]
[BlackElo "1804"]
[Opening "Pirc: classical (two knights) system"]
[ECO "B06"]
[NIC "PU.10"]
[Time "13:01:55"]
[PlyCount "86"]
[TimeControl "1800+10"]


1. e4 g6 2. Nf3 Bg7 3. d4 d6 4. Nc3 Nf6 5. Bc4 O-O 6. O-O Bg4 7. Be2 Nc6 8.
h3 Bxf3 9. Bxf3 Nd7 10. d5 Nd4 11. Be3 c5 12. Bxd4 cxd4 13. Nb5 Qb6 14. a4
a6 15. Na3 Qxb2 16. Qb1 d3 17. cxd3 Qxa1 18. Qxa1 Bxa1 19. Rxa1 Nc5 20. d4
Nxa4 21. Nc4 b5 22. Nd2 Rfc8 23. e5 Rc2 24. Nb3 Rac8 25. exd6 exd6 26. Bg4
f5 27. Bd1 R2c4 28. g4 Rc3 29. gxf5 gxf5 30. Kg2 Re8 31. Bh5 Re4 32. Bf3
Re7 33. Nd2 Rd3 34. Rd1 Nb2 35. Rb1 Rxd2 36. Kg3 a5 37. Kf4 a4 38. Kxf5
Rxf2 39. Kf4 Rf7+ 40. Ke3 R7xf3+ 41. Ke4 a3 42. h4 Nc4 43. Ra1 Re3# { White
checkmated } 0-1